Unix NetHack Version 3.7.0-86 Work-in-progress - last build May 30 2023 11:53:40 (cc98dc9aa62a9957b082a042edf5bd7ec9f632c7,branch:master). Game began 2023-06-18 02:35:31, ended 2023-06-21 17:48:42. cathartes, chaotic male human Barbarian ------------------ ..)........!.....| ......?%..----.----...--- ...)......--.))....--....| ........).-- ..$.$.. --...- ----- ..").......| .[..... |..... ...| -..)------- ..[.... ----- ---------.[-- ----|--- ....... |.......|...-- --....... -----|----- |@.ww...|%..)--- .[..... ---....[%)..--- |...@w.!)..&)[....[ ... |.....)..[....| |..wwA..|..$.---..[... |. ----.---- .| |.......|...-- --.. | |..)....| | ---------..-- - |...[...| ...| |..._...| ----- |.......| |.......| --------- Cathartes the Raider St:18/14 Dx:23 Co:18 In:13 Wi:17 Ch:15 Chaotic Astral Plane $:0 HP:302(302) Pw:59(59) AC:-23 Exp:16 T:28398 Latest messages: What do you want to zap? [couNQT or ?*] ? In what direction? y You kill the high priestess! The purple worm slithers reluctantly over a cursed mace. Pick an object. Pick an object. There is a high altar to Set (chaotic) here. What do you want to use or apply? [ce-iklorsu-wNQTUXY or ?*] g K - an uncursed wand of wishing (1:2). Famine picks up a potion of full healing. What do you want to zap? [couKNQT or ?*] K You may wish for an object. For what do you wish? vorpal blade p - a long sword. What do you want to use or apply? [ce-iklorsu-wKNQTUXY or ?*] g What do you want to use or apply? [ce-iklorsu-wKNQTUXY or ?*] g R - an uncursed unlabeled scroll. j - an uncursed magic marker (1:50). The purple worm picks up a long sword. What do you want to use or apply? [ce-lorsu-wKNQTUXY or ?*] ? What do you want to write on? [R or ?*] ? What type of scroll do you want to write? genocide q - an uncursed scroll of genocide. What do you want to read? [qX or ?*] q As you read the scroll, it disappears. What type of monster do you want to genocide? woodchuck Wiped out all woodchucks. Famine zaps a wand of fire! The bolt of fire hits the purple worm! The bolt of fire hits the purple worm! The purple worm is killed by the bolt of fire! The bolt of fire hits the purple worm! The purple worm picks up 27 gold pieces. The purple worm eats a purple worm corpse. There is a high altar to Set (chaotic) here. What do you want to use or apply? [ce-lorsu-wKNQTUXY or ?*] w You produce a strange whistling sound. Three creatures shift locations and three others appear. What do you want to sacrifice? [M or ?*] ? You offer the Amulet of Yendor to Set... An invisible choir sings, and you are bathed in radiance... The voice of Set thunders: "Mortal, thou hast done well!" "In return for thy service, I grant thee the gift of Immortality!" You ascend to the status of Demigod... Do you want your possessions identified? [ynq] (y) y Do you want to see your attributes? [ynq] (y) y Do you want an account of creatures vanquished? [ynaq] (y) y Do you want a list of species genocided and extinct? [ynaq] (y) y Do you want to see your conduct and achievements? [ynq] (y) y Do you want to see the dungeon overview? [ynq] (y) y Inventory: Wands c - an uncursed wand of death named -3 (0:4) o - an uncursed wand of digging (0:8) u - an uncursed wand of probing (0:7) T - an uncursed wand of speed monster (0:7) Q - an uncursed wand of speed monster (0:5) N - an uncursed wand of teleportation (0:3) K - an uncursed wand of wishing (1:1) Tools g - a blessed bag of holding containing 119 items e - an uncursed sack named CANCELLATION containing 2 items i - a cursed bugle U - the uncursed Bell of Opening (0:2) r - the uncursed Candelabrum of Invocation (0 of 7 candles attached) l - an uncursed leash j - an uncursed magic marker (1:27) w - an uncursed magic whistle f - an uncursed mirror Y - a blessed oil lamp (lit) k - an uncursed skeleton key s - an uncursed stethoscope v - an uncursed towel h - a blessed +0 unicorn horn Rings A - an uncursed ring of free action (on left hand) n - an uncursed +2 ring of increase damage (on right hand) Gems/Stones V - the blessed Heart of Ahriman Weapons p - an uncursed +1 long sword a - the blessed rustproof +6 Stormbringer (wielded in right hand) b - a blessed +7 trident (wielded in left hand) Armor H - an uncursed rustproof +5 dented pot (being worn) Z - an uncursed fireproof +5 pair of gauntlets of dexterity (being worn) x - an uncursed +2 pair of jumping boots (being worn) C - an uncursed fireproof +4 cloak of displacement (being worn) J - a blessed +4 gray dragon scale mail (being worn) Amulets L - a blessed amulet of reflection named fountain wish (being worn) Spellbooks X - the uncursed Book of the Dead Contents of the sack named CANCELLATION: an uncursed wand of cancellation (0:5) an uncursed wand of cancellation named used (0:1) Contents of the bag of holding: 326 gold pieces 7 uncursed blueberry muffins an uncursed apple 5 uncursed bananas an uncursed candy bar labeled "Chocolate Nuggie" 2 uncursed candy bars labeled "Crispy Yum Yum" 2 uncursed carrots an uncursed clove of garlic an uncursed cram ration 9 uncursed eucalyptus leaves 5 uncursed food rations an uncursed lembas wafer 3 uncursed tripe rations an uncursed lizard corpse 3 uncursed lizard corpses 6 blessed scrolls of blank paper 2 uncursed scrolls of blank paper 3 cursed scrolls of blank paper an uncursed scroll of create monster 2 uncursed scrolls of earth 2 uncursed scrolls of identify an uncursed scroll of light 2 blessed scrolls of remove curse a blessed scroll of scare monster 3 uncursed scrolls of scare monster named used a blessed scroll of stinking cloud 4 uncursed potions of booze 4 blessed potions of full healing an uncursed potion of full healing 3 uncursed potions of full healing 2 uncursed potions of gain level 2 uncursed potions of healing an uncursed potion of levitation 4 uncursed potions of paralysis 2 blessed potions of restore ability 3 potions of holy water named b 6 uncursed potions of water named u a potion of unholy water a potion of unholy water an uncursed wand of cold (0:7) an uncursed wand of cold (0:5) an uncursed wand of cold named -4 (0:2) an uncursed wand of death (0:7) an uncursed wand of death named orcus (0:7) an uncursed wand of death (0:6) an uncursed wand of digging (0:4) an uncursed wand of digging (0:4) an uncursed wand of digging (0:4) an uncursed wand of fire (0:7) an uncursed wand of fire (0:6) an uncursed wand of fire named -3 (0:4) an uncursed wand of fire named -6 (0:1) an uncursed wand of make invisible (0:1) an uncursed wand of polymorph (0:7) an uncursed wand of probing (0:5) an uncursed wand of secret door detection (0:15) an uncursed wand of secret door detection (0:13) an uncursed wand of sleep (0:6) an uncursed wand of sleep (0:5) an uncursed wand of slow monster (0:8) an uncursed wand of slow monster (0:7) an uncursed wand of slow monster named used (0:1) an uncursed wand of speed monster (0:6) an uncursed wand of teleportation (0:3) an uncursed magic marker named rougelike! (0:10) an uncursed magic marker named throne wish (1:0) an uncursed tin opener an uncursed +0 unicorn horn a cursed -2 ring of adornment an uncursed ring of cold resistance an uncursed ring of fire resistance an uncursed ring of free action an uncursed +1 ring of increase accuracy an uncursed ring of levitation an uncursed ring of levitation an uncursed ring of poison resistance an uncursed +1 ring of protection an uncursed ring of protection from shape changers an uncursed ring of regeneration an uncursed ring of searching an uncursed ring of see invisible an uncursed ring of shock resistance an uncursed ring of teleport control an uncursed ring of teleport control a cursed ring of warning 4 uncursed agate stones 5 uncursed amber stones 5 uncursed amethyst stones 13 uncursed aquamarine stones 3 uncursed black opals an uncursed chrysoberyl stone 9 uncursed citrine stones 4 uncursed diamonds 4 uncursed dilithium crystals 9 uncursed emeralds 2 uncursed fluorite stones 12 uncursed jade stones 9 uncursed jasper stones 5 uncursed jet stones 5 uncursed obsidian stones 3 uncursed opals 7 uncursed rubies 3 uncursed sapphires 4 uncursed topaz stones 9 uncursed turquoise stones 2 uncursed luckstones an uncursed +0 athame 8 uncursed +0 daggers named +0 an uncursed +0 bullwhip an uncursed +0 silver saber the blessed rustproof +3 Sunsword an uncursed burnt +0 pair of speed boots an uncursed fireproof +0 pair of water walking boots a blessed amulet of life saving an uncursed amulet of life saving an uncursed amulet of life saving an uncursed amulet of reflection an uncursed amulet of reflection an uncursed amulet versus poison Cathartes the Barbarian's attributes: Background: You were a Raider, a level 16 male human Barbarian. You were chaotic, on a mission for Set who was opposed by Mitra (lawful) and Crom (neutral). You were in the endgame, on the Astral Plane. You entered the dungeon 28398 turns ago. You had 365619 experience points, 274381 more were needed to attain level 17. Basics: You had all 302 hit points. You had all 59 energy points (spell power). Your armor class was -23. Your wallet was empty, but you had 326 zorkmids stashed away in your pack. Autopickup was on for '*_' plus thrown, with exceptions. Final Characteristics: Your strength was 18/14 (limit:18/100). Your dexterity was 23 (base:18, innate limit:18). Your constitution was 18 (limit:18). Your intelligence was 13 (peak:15, limit:18). Your wisdom was 17 (limit:18). Your charisma was 15 (limit:18). Final Status: You were not hungry. You were unencumbered. You were wielding two weapons at once. Your skill in broadsword was limited by being basic with two weapons. You had basic skill with trident and two weapons. Final Attributes: You were the Glory of Arioch. You were piously aligned. You were magic-protected. You were fire resistant. You were cold resistant. You were sleep resistant. You were shock resistant. You were poison resistant. You were level-drain resistant. You saw invisible. You were telepathic. You were clairvoyant. You were displaced. You were stealthy. You could jump. You had a small damage bonus (+2). You were warded. You were very fast. You had reflection. You had free action. You were extremely lucky. You had extra luck. Good luck did not time out for you. You survived. Miscellaneous: You disabled loading of bones levels. Total elapsed playing time was 11 hours, 23 minutes and 4 seconds. Major events: Turn 1: cathartes the chaotic male human Barbarian entered the dungeon 1057: attained the rank of Pillager (level 3) 1079: entered the Gnomish Mines 2637: entered Sokoban 3033: completed 1st Sokoban level 4210: completed 2nd Sokoban level 4317: attained the rank of Bandit (level 6) 4955: completed 3rd Sokoban level 6216: completed 4th Sokoban level 6717: acquired the Sokoban bag of holding 8301: made his first wish - "blessed +2 gray dragon scale mail", got "a gray dragon scale mail" 9120: attained the rank of Brigand (level 10) 9493: acquired the Mines' End luckstone 11744: was chosen to steal souls for the Glory of Set 11744: was bestowed with Stormbringer 12068: wished for "blessed amulet of reflection named fountain wish", got "a perforated amulet named fountain wish" 12570: consulted the Oracle 12979: entered the Bigroom 16271: killed Medusa 17460: attained the rank of Raider (level 14) 17950: wished for "magic marker named throne wish", got "a magic marker named throne wish" 19070: killed the invisible Thoth Amon 19070: found the Heart of Ahriman carried by a monster 19072: acquired the Bell of Opening 20414: wished for "marker named rougelike!", got "a magic marker named rougelike!" 20625: entered Gehennom 20842: killed Yeenoghu 21083: killed Juiblex 21241: wished for "2 blessed potions of restore ability named probably not colored rougelike", got "2 black potions named probably not colored rougelike" 22028: killed Asmodeus 22886: killed the invisible Baalzebub 23579: destroyed the invisible Vlad the Impaler 23585: acquired the Candelabrum of Invocation 23637: found Sunsword carried by a monster 24086: killed Orcus 25975: killed the Wizard of Yendor 25977: acquired the Book of the Dead 26039: performed the invocation 26048: killed the Wizard of Yendor (2nd time) 26300: killed the Wizard of Yendor (3rd time) 26415: killed the high priest of Moloch 26417: acquired The Amulet of Yendor 27214: killed the Wizard of Yendor (5th time) 28045: entered the Elemental Planes 28045: entered Plane of Earth 28116: entered Plane of Air 28210: entered Plane of Fire 28245: entered Plane of Water 28294: entered the Astral Plane 28323: killed Pestilence 28353: killed Famine 28363: found Giantslayer carried by a monster 28382: found Demonbane carried by a monster 28394: killed the high priestess (2nd time) 28395: made his first artifact wish - "vorpal blade", got "a long sword" 28397: performed his first genocide (woodchucks) 28398: ascended Vanquished creatures: Asmodeus Baalzebub Orcus Yeenoghu Juiblex the Wizard of Yendor (8 times) Pestilence Famine Vlad the Impaler 2 arch-liches 2 high clerics Medusa 4 krakens an Archon an iron golem 8 master liches a storm giant 2 glass golems a balrog Thoth Amon 7 purple worms 3 gray dragons a silver dragon 2 red dragons 2 white dragons 2 orange dragons 4 black dragons 2 blue dragons 2 green dragons 3 yellow dragons 19 minotaurs 7 jabberwocks 5 baluchitheria 20 Angels 6 demiliches 5 stone golems 6 master mind flayers 5 Olog-hai a Nazgul 5 pit fiends 4 sandestins a hell hound 2 displacer beasts 4 titanotheres 2 trappers a baby gray dragon a baby gold dragon a baby red dragon 2 guardian nagas 5 genetic engineers 5 disenchanters 30 vampire leaders 3 skeletons 27 aligned clerics 9 captains 10 liches 8 water trolls 2 clay golems 5 nurses 8 ice devils 3 nalfeshnees a lurker above an Aleax 5 ettins 7 black puddings 27 vampires 5 lieutenants a watch captain 39 ghosts a tourist a queen bee 3 winged gargoyles 2 mind flayers 11 giant mimics 4 long worms 3 zruties 3 fire giants an ogre tyrant 2 ice trolls 51 rock trolls 6 umber hulks 2 flesh golems 2 elven monarchs a doppelganger 5 hezrous 5 bone devils 6 large mimics a wumpus 3 fire vortices a couatl 7 stalkers 12 air elementals 3 fire elementals 2 earth elementals 6 water elementals 2 hill giants a giant mummy 3 black nagas 5 xorns 14 giant zombies 3 elf-nobles 10 sergeants 4 barbed devils 15 vrocks 3 salamanders 16 wargs a winter wolf 10 hell hound pups 15 small mimics 2 glass piercers 7 warhorses 8 steam vortices 8 xans 3 ettin mummies 5 ogre leaders 5 quantum mechanics 37 trolls a sasquatch 2 wood golems 3 erinyes 4 mariliths 3 djinn 5 sharks 2 electric eels 6 gelatinous cubes 2 large dogs a freezing sphere 6 flaming spheres 4 shocking spheres a large cat 5 tigers 8 gargoyles 2 dwarf rulers a tengu 6 ochre jellies 6 leocrottas 5 energy vortices 3 mountain centaurs 2 stone giants an elf mummy 4 human mummies 3 red nagas 7 green slimes 6 pythons 5 pit vipers 3 cobras 25 wraiths 6 carnivorous apes 14 ettin zombies 4 leather golems 2 Grey-elves 83 soldiers 4 watchmen 5 amorous demons 12 horned devils 2 chameleons 3 crocodiles 27 giant beetles 6 quivering blobs 14 cockatrices 5 wolves 7 winter wolf cubs 4 lynxes 2 panthers 2 gremlins 59 leprechauns 5 orc-captains 2 iron piercers 2 mumakil 8 giant spiders 5 scorpions 4 horses 2 ice vortices 3 black lights 5 vampire bats a gnome ruler 3 orc mummies 5 dwarf mummies 58 ogres 8 brown puddings 9 rust monsters 10 owlbears 7 yetis 3 gold golems a werewolf 4 Green-elves 2 piranha 19 giant eels 6 lizards a chieftain 2 dingoes 2 dogs 5 jaguars 2 white unicorns a black unicorn 3 dust vortices 2 ravens a plains centaur 4 gnome mummies 7 snakes 5 water moccasins 13 apes 18 human zombies 2 rope golems a Woodland-elf 39 soldier ants 24 fire ants 7 bugbears an imp 2 lemures 2 quasits a wood nymph 5 water nymphs 6 mountain nymphs 20 Mordor orcs 7 Uruk-hai 4 orc shamans 5 rock piercers 3 rock moles 4 ponies 5 fog clouds 4 yellow lights 3 shriekers 8 violet fungi 18 gnome leaders 7 gnomish wizards 3 kobold mummies 4 gray oozes 2 barrow wights 8 elf zombies 10 ghouls a straw golem 2 jellyfish 36 giant ants 4 little dogs 8 floating eyes 4 kittens 19 dwarves 3 homunculi 4 kobold shamans 11 hill orcs 12 rothes 2 rabid rats 4 centipedes a monkey 10 orc zombies 16 dwarf zombies a wererat 10 iguanas 44 killer bees 6 acid blobs a coyote 3 hobbits 4 manes 8 hobgoblins 5 giant rats 4 cave spiders a brown mold a yellow mold 2 green molds a red mold 53 gnomes 10 garter snakes 9 gnome zombies 4 geckos 14 jackals a fox 2 kobolds 2 goblins 2 sewer rats 5 grid bugs a bat 12 lichens 11 kobold zombies 9 newts 1886 creatures vanquished. Genocided or extinct species: erinyes (extinct) leprechauns (extinct) woodchucks 1 species genocided. 2 species extinct. Voluntary challenges: You read items or engraved 99 times. You engraved Elbereth 13 times. You genocided 1 type of monster. You used 6 wishes (1 for an artifact). You did not violate any of the special Sokoban rules. Achievements: You attained the rank of Pillager. You entered the Gnomish Mines. You entered Sokoban. You attained the rank of Bandit. You completed Sokoban. You entered a shop. You entered a temple. You attained the rank of Brigand. You completed the Gnomish Mines. You consulted the Oracle of Delphi. You entered the Big Room. You defeated Medusa. You learned the tune to open and close the Castle's drawbridge. You attained the rank of Raider. You had the Bell of Opening. You entered Gehennom. You had the Candelabrum of Invocation. You had the Book of the Dead. You gained access to Moloch's Sanctum. You reached the Elemental Planes. You reached the Astral Plane. You delivered the Amulet of Yendor. You ascended! The Elemental Planes: Astral Plane: <- You are here. Some temples. Plane of Water: Plane of Fire: Plane of Air: Plane of Earth: The Dungeons of Doom: levels 1 to 29 Level 1: One way stairs up to The Elemental Planes. Level 2: An altar to Set, a fountain. Level 3: "vault" A sink. Level 4: A fountain. Stairs down to The Gnomish Mines. Level 5: Many fountains. Level 6: Many graves. Level 7: Many fountains. Oracle of Delphi. Level 8: Stairs up to Sokoban, level 7. Level 9: A fountain, a sink. Level 10: A grave. Level 11: A very big room. Level 12: A temple, a grave. Level 13: "vault" Some fountains. Level 14: "vault" Some sinks, a grave. Portal to The Quest. Level 15: Level 16: Level 17: Level 18: A primitive area. Level 19: A fountain. Level 20: A grave. Level 21: A fountain, a sink. Level 22: A fountain. Level 23: An altar, a grave. Level 24: "vault" A grave. Level 25: An armor shop. Level 26: Level 27: "vault" Level 28: Level 29: A fountain. The castle (play notes "EEECG" to open or close drawbridge). Connection to Gehennom. Gehennom: levels 30 to 49 Level 30: A temple, many graves. Valley of the Dead. Level 31: Level 32: "asmodeus" Level 33: Level 34: Level 35: "baalzebub" Level 36: "juiblex" Level 37: Level 38: Level 39: Level 40: Stairs up to Vlad's Tower, level 39. Level 41: Level 42: Level 43: Level 44: "orcus" Some shops, an altar, many graves. Level 45: "fake tower" Level 46: Level 47: "portal" Level 48: Level 49: A temple, many graves. Moloch's Sanctum. The Gnomish Mines: levels 5 to 12 Level 5: Level 6: Level 7: Many shops, a temple to Set. Level 8: Level 9: Level 10: Level 11: Level 12: A fountain. The Quest: levels 1 to 6 Level 1: Many trees. Completed quest for Pelias. Level 2: Level 3: Level 4: Level 5: Level 6: An altar. Sokoban: levels 7 up to 4 Level 4: Solved. Level 5: Solved. Level 6: Solved. Level 7: Solved. Vlad's Tower: levels 39 up to 37 Level 37: Level 38: Level 39: Goodbye cathartes the Demigod... You and the guardian Angel of Set and the purple worm and the purple worm and the purple worm and the purple worm and the purple worm went to your reward with 2232264 points, Stormbringer (worth 8000 zorkmids and 20000 points) Sunsword (worth 1500 zorkmids and 3750 points) The Candelabrum of Invocation (worth 5000 zorkmids and 12500 points) The Bell of Opening (worth 5000 zorkmids and 12500 points) The Heart of Ahriman (worth 2500 zorkmids and 6250 points) The Book of the Dead (worth 10000 zorkmids and 25000 points) 13 aquamarine stones (worth 19500 zorkmids), 12 jade stones (worth 3600 zorkmids), 9 emeralds (worth 22500 zorkmids), 9 turquoise stones (worth 18000 zorkmids), 9 citrine stones (worth 13500 zorkmids), 9 jasper stones (worth 4500 zorkmids), 7 rubies (worth 24500 zorkmids), 5 amber stones (worth 5000 zorkmids), 5 jet stones (worth 4250 zorkmids), 5 amethyst stones (worth 3000 zorkmids), 5 obsidian stones (worth 1000 zorkmids), 4 dilithium crystals (worth 18000 zorkmids), 4 diamonds (worth 16000 zorkmids), 4 topaz stones (worth 3600 zorkmids), 4 agate stones (worth 800 zorkmids), 3 sapphires (worth 9000 zorkmids), 3 black opals (worth 7500 zorkmids), 3 opals (worth 2400 zorkmids), 2 fluorite stones (worth 800 zorkmids), 1 chrysoberyl stone (worth 700 zorkmids), 3 amulets of life saving (worth 450 zorkmids), 3 amulets of reflection (worth 450 zorkmids), 1 amulet versus poison (worth 150 zorkmids), and 326 pieces of gold, after 28398 moves. You were level 16 with a maximum of 302 hit points when you ascended.